 Dungeon Crawl Stone Soup version 0.22-a0-858-g985ef60 (webtiles) character file.

12153 poirepourri the Eclecticist (level 11, 0/68 HPs)
             Began as a Deep Elf Conjurer on July 27, 2018.
             Was a Believer of Vehumet.
             Slain by a white ugly thing (20 damage)
             ... on level 11 of the Dungeon.
             The game lasted 00:26:18 (20444 turns).

poirepourri the Eclecticist (Deep Elf Conjurer)    Turns: 20444, Time: 00:26:19

Health: 0/68       AC: 11    Str:  8    XL:     11   Next: 58%
Magic:  20/32      EV: 16    Int: 27    God:    Vehumet [**....]
Gold:   31         SH:  0    Dex: 15    Spells: 14/40 levels left

rFire    . . .     SeeInvis .   a - +2 rapier
rCold    . . .     Gourm    .   (no shield)
rNeg     + + .     Faith    .   k - +0 robe
rPois    +         Spirit   .   z - +2 helmet {Int+3}
rElec    .         Reflect  .   j - +1 cloak
rCorr    .         Harm     .   o - +0 pair of gloves of the Trombone {rN++ MR++ Str+3}
MR       +++..                  i - +2 pair of boots
Stlth    ++........             C - amulet of regeneration
HPRegen  0.61/turn              c - ring of poison resistance
MPRegen  0.23/turn              (no ring)

@: no status effects
A: no striking features
a: Renounce Religion


You were on level 11 of the Dungeon.
You worshipped Vehumet.
Vehumet was pleased with you.
You were hungry.

You visited 2 branches of the dungeon, and saw 12 of its levels.
You also visited: Ossuary.

You collected 542 gold pieces.
You spent 511 gold pieces at shops.

Inventory:

Hand Weapons
 a - a +2 rapier (weapon)
 b - a +0 blowgun
Missiles
 v - 43 poisoned needles
Armour
 i - a +2 pair of boots (worn)
 j - a +1 cloak (worn)
 k - a +0 robe (worn)
 o - the +0 pair of gloves of the Trombone (worn) {rN++ MR++ Str+3}
   (You bought it in a shop on level 4 of the Dungeon)

   It affects your strength (+3).
   It greatly protects you from negative energy.
   It affects your resistance to hostile enchantments.
 t - a +2 helmet
 z - a +2 helmet of intelligence (worn)
Jewellery
 c - a ring of poison resistance (left hand)
 r - an uncursed amulet of faith
 C - an amulet of regeneration (around neck)
Wands
 g - a wand of enslavement (23)
 l - a wand of digging (14)
 p - a wand of acid (10)
 s - a wand of random effects (29)
 x - a wand of clouds (2)
 A - a wand of paralysis (16)
Scrolls
 e - a scroll of enchant armour
 h - 2 scrolls of blinking
 m - 8 scrolls of teleportation
 y - 3 scrolls of remove curse
Potions
 d - 2 potions of flight
 f - a potion of ambrosia
 q - a potion of heal wounds
 u - a potion of mutation {unknown}
 w - 2 potions of might
 B - a potion of lignification {unknown}
Comestibles
 n - 3 rations


   Skills:
 - Level 8.1 Fighting
 + Level 6.2 Dodging
 - Level 2.4 Stealth
 - Level 15.0 Spellcasting
 - Level 11.0 Conjurations


You had 14 spell levels left.
You knew the following spells:

 Your Spells              Type           Power        Failure   Level  Hunger
a - Magic Dart            Conj           ####         1%          1    None
b - Searing Ray           Conj           ######       1%          2    None
c - Dazzling Spray        Conj/Hex       ######       1%          3    None
d - Iskenderun's Mystic   Conj           ######..     1%          4    None
e - Force Lance           Conj/Tloc      ######..     2%          4    None
f - Fulminant Prism       Conj/Hex       ######....   2%          4    None
g - Conjure Flame         Conj/Fire      ######..     1%          3    None
h - Fireball              Conj/Fire      ######....   8%          5    None

Your spell library contained the following spells:

 Spells                   Type           Power        Failure   Level  Hunger
 Throw Flame              Conj/Fire      ######       1%          2    None
 Sticky Flame             Conj/Fire      ######..     2%          4    None
 Regeneration             Chrm/Necr      ###.......   8%          3    None
 Flame Tongue             Conj/Fire      #####        1%          1    None
 Shroud of Golubria       Chrm/Tloc      ###.......   3%          2    None
 Inner Flame              Hex/Fire       ###.....     8%          3    None
 Infusion                 Chrm           ###.         2%          1    None
 Song of Slaying          Chrm           ###.....     3%          2    None
 Spectral Weapon          Hex/Chrm       ###.....     8%          3    None


Dungeon Overview and Level Annotations

Branches:
Dungeon (11/15)            Temple (1/1) D:6            Lair (0/6) D:11
    Orc: D:9-12

Altars:
Ashenzari
Cheibriados
Dithmenos
Elyvilon
Fedhas
Gozag
Hepliaklqana
Kikubaaqudgha
Makhleb
Nemelex Xobeh
Okawaru
Qazlal
Ru
Sif Muna
Trog
Uskayaw
Vehumet
Wu Jian
Xom
Yredelemnul
Zin
The Shining One

Shops:
D:4 [   D:10 *   D:11 (

Annotations:
D:7 Joseph


Message History

Press: ? - help, Shift-Dir - straight line, f/p - white ugly thing
Aim: a white ugly thing (heavily wounded)
The searing ray hits the white ugly thing.
The white ugly thing is heavily wounded. (Press . to maintain the ray.)
The searing ray hits the white ugly thing.
The white ugly thing is severely wounded.
The white ugly thing bites you but does no damage.
The searing ray hits the white ugly thing.
The white ugly thing is severely wounded.
The white ugly thing bites you. The white ugly thing freezes you!!
The searing ray misses the white ugly thing.
The searing ray hits the hound zombie.
The hound zombie is severely damaged.
The searing ray misses the orc.
You finish channeling your searing ray.
An orc comes into view.
The white ugly thing bites you!
* * * LOW HITPOINT WARNING * * *
The white ugly thing freezes you!!
You die...

o.# ..# ..# .##o#
#.##o# #####
#.##Z# #...#
#.##u# #...#
#.##@#
#...####....#
#####...........#
#........##..##.#
#........##.....#
#........##.....#
..........##.....#
#.....###>##..#..#
..#####.#.##.....#


You could see a white ugly thing, 3 orcs and a hound zombie.

Vanquished Creatures
  Erica (D:8)
  3 two-headed ogres
  An unseen horror (D:10)
  An ugly thing (D:11)
  An orc knight (D:10)
  Psyche (D:10)
  A queen bee (D:9)
  A troll (D:9)
  A hornet (D:6)
  Prince Ribbit (D:7)
  A wraith (D:10)
  3 yaks (D:10)
  Purgy (D:3)
  4 sky beasts
  A black bear (D:9)
  7 ogres
  3 ice beasts
  3 phantoms
  4 centaurs
  A crocodile (D:9)
  4 big kobolds
  5 bullfrogs
  A water moccasin zombie (Ossuary)
  5 scorpions
  7 wights
  16 killer bees
  8 howler monkeys
  5 crimson imps
  A bullfrog zombie (D:8)
  A centaur zombie (D:8)
  3 centaur skeletons
  2 hounds
  3 jellies
  Crazy Yiuf (D:4)
  A gnoll shaman (D:6)
  7 orc priests
  Terence (D:3)
  A bullfrog skeleton (D:5)
  Ijyb (D:4)
  4 iguanas
  7 orc wizards
  7 worker ants
  A hound skeleton (D:5)
  A worker ant zombie (D:7)
  18 gnolls
  10 adders
  A river rat (D:5)
  A shadow imp (D:4)
  4 oozes
  4 adder zombies
  3 worms (D:2)
  2 dart slugs
  6 leopard geckos
  49 orcs
  6 bats
  8 giant cockroaches
  7 goblins
  10 hobgoblins
  14 jackals
  17 kobolds
  3 quokkas
  2 ball pythons
  3 frilled lizards
  A gnoll zombie (Ossuary)
  A goblin zombie (D:4)
  A hobgoblin zombie (Ossuary)
  2 jackal skeletons
  2 kobold zombies (Ossuary)
  2 leopard gecko skeletons
  3 orc zombies (Ossuary)
  A quokka skeleton (D:5)
  7 rats
  A rat zombie (D:4)
322 creatures vanquished.

Vanquished Creatures (others)
  A kobold zombie (Ossuary)
  An orc zombie (Ossuary)
  8 fulminant prisms
10 creatures vanquished.

Grand Total: 332 creatures vanquished

Notes
Turn   | Place    | Note
-------+----------+-------------------------------------------
     0 | D:1      | poirepourri the Deep Elf Conjurer began the quest for the Orb.
     0 | D:1      | Reached XP level 1. HP: 10/10 MP: 6/6
   236 | D:1      | Reached skill level 4 in Spellcasting
   236 | D:1      | Reached XP level 2. HP: 13/15 MP: 0/9
  1027 | D:1      | Reached XP level 3. HP: 19/19 MP: 2/11
  1820 | D:2      | Reached skill level 5 in Spellcasting
  2410 | D:1      | Learned a level 2 spell: Searing Ray
  2414 | D:1      | Learned a level 3 spell: Dazzling Spray
  2621 | D:2      | Reached XP level 4. HP: 24/24 MP: 5/13
  3011 | D:3      | Reached skill level 6 in Spellcasting
  3044 | D:3      | Noticed Terence
  3648 | D:3      | Noticed Purgy
  3754 | D:3      | You fall through a shaft for 2 floors!
  3754 | D:5      | Entered Level 5 of the Dungeon
  3762 | D:5      | Reached skill level 7 in Spellcasting
  3762 | D:5      | Reached XP level 5. HP: 27/28 MP: 8/16
  3763 | D:5      | Noticed an ogre
  3779 | D:5      | Killed an ogre
  3779 | D:5      | Reached skill level 8 in Spellcasting
  3838 | D:5      | Noticed a phantom
  3863 | D:5      | Killed a phantom
  3863 | D:5      | Reached skill level 9 in Spellcasting
  3863 | D:5      | Reached XP level 6. HP: 32/32 MP: 8/20
  3869 | D:5      | Learned a level 4 spell: Iskenderun's Mystic Blast
  3874 | D:5      | Learned a level 4 spell: Force Lance
  3879 | D:5      | Learned a level 4 spell: Fulminant Prism
  4123 | D:5      | Reached skill level 10 in Spellcasting
  4567 | D:5      | Reached XP level 7. HP: 36/36 MP: 17/22
  5171 | D:5      | Reached skill level 5 in Conjurations
  6025 | D:4      | Noticed Ijyb
  6030 | D:4      | Killed Ijyb
  6300 | D:4      | Reached XP level 8. HP: 41/41 MP: 17/24
  6319 | D:4      | Found a sand-covered staircase.
  6366 | Ossuary  | Entered an ossuary
  6817 | D:4      | Found a runed door.
  7298 | D:4      | Found Irea's Antique Armour Emporium.
  7315 | D:4      | Bought a pair of ancient gloves for 228 gold pieces
  7320 | D:4      | Identified the +0 pair of gloves of the Trombone {rN++ MR++ Str+3} (You bought it in a shop on level 4 of the Dungeon)
  7785 | D:4      | Noticed Crazy Yiuf
  7788 | D:4      | Killed Crazy Yiuf
  7874 | D:3      | Killed Purgy
  7912 | D:3      | Killed Terence
  8320 | D:6      | Noticed a hornet
  8327 | D:6      | Paralysed by a hornet for 1 turns
  8328 | D:6      | Killed a hornet
  8631 | D:6      | Reached skill level 10 in Conjurations
  8870 | D:6      | Found a sacrificial altar of Ru.
  8896 | D:6      | Reached XP level 9. HP: 21/45 MP: 3/25
  9979 | D:6      | Found a staircase to the Ecumenical Temple.
  9988 | Temple   | Entered the Ecumenical Temple
 10113 | Temple   | Became a worshipper of Vehumet
 10232 | D:7      | Noticed Joseph
 10744 | D:8      | Reached skill level 11 in Spellcasting
 11372 | D:7      | Reached skill level 12 in Spellcasting
 11678 | D:7      | Learned a level 3 spell: Conjure Flame
 11684 | D:7      | Learned a level 5 spell: Fireball
 11865 | D:7      | Noticed Prince Ribbit
 11870 | D:7      | Killed Prince Ribbit
 11870 | D:7      | Reached skill level 13 in Spellcasting
 12121 | D:7      | Reached * piety under Vehumet
 12121 | D:7      | Offered knowledge of Freeze by Vehumet.
 12959 | D:8      | Noticed Erica
 12966 | D:8      | Killed Erica
 12966 | D:8      | Reached skill level 14 in Spellcasting
 12966 | D:8      | Reached XP level 10. HP: 44/50 MP: 10/30
 14101 | D:8      | Reached skill level 15 in Spellcasting
 14458 | D:9      | Reached skill level 1 in Fighting
 14502 | D:9      | Noticed a two-headed ogre
 14510 | D:9      | Killed a two-headed ogre
 15192 | D:9      | Reached ** piety under Vehumet
 15246 | D:9      | Offered knowledge of Throw Frost by Vehumet.
 15894 | D:9      | Reached skill level 5 in Fighting
 17027 | D:10     | Entered Level 10 of the Dungeon
 17027 | D:10     | Noticed a two-headed ogre
 17033 | D:10     | Killed a two-headed ogre
 17325 | D:9      | Reached XP level 11. HP: 50/64 MP: 14/32
 17572 | D:10     | Noticed an orc knight
 17572 | D:10     | Noticed an orc sorcerer
 17587 | D:9      | Noticed a soul eater
 18162 | D:10     | Noticed Psyche
 18167 | D:10     | Killed Psyche
 18445 | D:10     | Found Asymeshi's Assorted Antiques.
 18518 | D:10     | Killed an unseen horror
 18875 | D:10     | Bought a glowing helmet for 202 gold pieces
 18875 | D:10     | Bought a scroll labeled DONAOG YRETAONK for 27 gold pieces
 18875 | D:10     | Bought a scroll labeled DONAOG YRETAONK for 27 gold pieces
 18875 | D:10     | Bought a scroll labeled MYIBUA YSATEFI for 27 gold pieces
 19062 | D:10     | Killed an orc knight
 19818 | D:10     | Noticed a two-headed ogre
 19822 | D:10     | Killed a two-headed ogre
 20133 | D:11     | Found a staircase to the Lair.
 20164 | D:11     | Reached skill level 5 in Dodging
 20242 | D:11     | Found Qewkass's Antique Weapon Shoppe.
 20250 | D:11     | Noticed a white ugly thing
 20255 | D:11     | Killed a white ugly thing
 20256 | D:11     | Offered knowledge of Static Discharge by Vehumet.
 20437 | D:11     | Noticed a white ugly thing
 20444 | D:11     | Slain by a white ugly thing

Vault maps used:
D:1:      dpeg_arrival_circle_labyrinth_b, minmay_hexomino_u4
D:2:      due_unseen_surprise
D:3:      first_ration, uniq_terence, uniq_purgy
D:4:      enter_ossuary_4, serial_shops, shop, minmay_misc_feat_columns,
          uniq_ijyb, uniq_crazy_yiuf_cottage
D:5:      portal_sewer_entry_e
D:6:      nicolae_ru_sacrificial_ziggurat, minmay_temple_entry_overgrown
D:7:      uniq_prince_ribbit1, uniq_joseph
D:8:      uniq_erica
D:9:      david_nohive_1
D:10:     serial_shops, nicolae_shop_overgrown_old_shop, hangedman_decor_lopped,
          uniq_psyche
D:11:     lair_entry_dummy, serial_shops, shop
Temple:   kilobyte_greek_temple
Ossuary:  ossuary_tomb_2

Skill      XL: |  1  2  3  4  5  6  7  8  9 10 11 |
---------------+----------------------------------+-----
Spellcasting   | 4 5 7 9 10 14 15 | 15.0
Conjurations   | 7 10 11 | 11.0
Fighting       | 6 8 |  8.1
Dodging        | 6 |  6.2
Stealth        | |  2.4

Action                   |  1- 3 |  4- 6 |  7- 9 | 10-12 || total
-------------------------+-------+-------+-------+-------++-------
Melee: Rapier            |       |     3 |    25 |     8 ||    36
       Unarmed           |       |     2 |       |       ||     2
 Fire: Blowgun           |       |       |     2 |       ||     2
 Cast: Magic Dart        |    96 |    93 |   187 |    27 ||   403
       Searing Ray       |       |    16 |    71 |    44 ||   131
       Dazzling Spray    |       |     2 |    43 |     4 ||    49
       Iskenderun's Myst |       |       |    46 |    82 ||   128
       Fulminant Prism   |       |       |     7 |     1 ||     8
       Fireball          |       |       |     3 |     4 ||     7
       Conjure Flame     |       |       |     1 |     5 ||     6
       Force Lance       |       |       |       |     2 ||     2
Evoke: Wand              |       |       |       |     2 ||     2
  Use: Scroll            |     4 |     7 |     7 |    12 ||    30
       Potion            |       |     7 |     4 |     2 ||    13
 Stab: Invisible         |       |       |     1 |       ||     1
       Sleeping          |       |       |       |     1 ||     1
  Eat: Ration            |     2 |     2 |     7 |     6 ||    17
       Chunk             |       |       |       |     1 ||     1
Armor: Robe              |     1 |    10 |    43 |    58 ||   112
Dodge: Dodged            |     2 |    46 |   112 |    83 ||   243

Table legend:
 A = Spawn XP
 B = Non-spawn XP
 C = Spawn XP percentage of total XP
 D = Spawn monster count
 E = Non-spawn monster count
 F = Spawn count percentage of total count
 G = Total turns spent on level
                    A         B        C        D         E        F      G
               +---------+---------+-------+---------+---------+-------+---------
         Total |       0 |   17362 |   0.0 |       0 |     321 |   0.0 | 20444
               +---------+---------+-------+---------+---------+-------+---------
           D:1 |       0 |      41 |   0.0 |       0 |      21 |   0.0 |  2079
           D:2 |       0 |      60 |   0.0 |       0 |      17 |   0.0 |  1393
           D:3 |       0 |     255 |   0.0 |       0 |      24 |   0.0 |   547
           D:4 |       0 |     580 |   0.0 |       0 |      34 |   0.0 |  1637
           D:5 |       0 |    1103 |   0.0 |       0 |      45 |   0.0 |  2195
           D:6 |       0 |    1078 |   0.0 |       0 |      33 |   0.0 |  2099
           D:7 |       0 |    1148 |   0.0 |       0 |      27 |   0.0 |  1373
           D:8 |       0 |    3025 |   0.0 |       0 |      48 |   0.0 |  2784
           D:9 |       0 |    3221 |   0.0 |       0 |      28 |   0.0 |  3515
          D:10 |       0 |    5684 |   0.0 |       0 |      27 |   0.0 |  1988
          D:11 |       0 |    1091 |   0.0 |       0 |       7 |   0.0 |   311
       Ossuary |       0 |      76 |   0.0 |       0 |      10 |   0.0 |   361
               +---------+---------+-------+---------+---------+-------+---------
